 Dungeon Sprint DCSS version 0.17-a0-1636-g3119f2b (webtiles) character file.

253 Kidiri the Covert (level 5, -3/21 (24) HPs)
             Began as a Spriggan Enchanter on Aug 6, 2015.
             Slain by a necrophage (6 damage)
             ... while paralysed
             ... in the Dungeon (Sprint II: "The Violet Keep of Menkaure").
             The game lasted 00:00:48 (29 turns).

Kidiri the Covert (Spriggan Enchanter)                Turns: 29, Time: 00:00:48

HP:   -3/21 (24)    AC:  3    Str:  4    XL:     5   Next: 90%
MP:   7/16          EV:  4    Int: 17    God:
Gold: 0             SH:  0    Dex: 17    Spells: 1 memorised, 18 levels left

rFire  . . .     SeeInvis +     a - +1 dagger
rCold  . . .     Clarity  .     b - +1 robe
rNeg   . . .     SustAt   .     (shield restricted)
rPois  .         Gourm    .     (helmet restricted)
rElec  .         Spirit   .     (no cloak)
rCorr  .         Warding  .     (gloves unavailable)
rMut   .         NoTele   +     (boots unavailable)
MR     .....                    (no amulet)
Stlth  +++++.....               (no ring)
                                (no ring)

@: paralysed, exhausted, non-regenerating, badly diseased, slowed, very quick,
not resistant to hostile enchantments, quite stealthy
A: unfitting armour, see invisible, herbivore 3, speed 3, slow metabolism 2
a: no special abilities


You were in the Dungeon.
You were not hungry.

You visited 1 branch

Inventory:

Hand weapons
 a - a +1 dagger (weapon)
Armour
 b - a +1 robe (worn)
Scrolls
 j - a scroll of blinking
Potions
 e - a potion of curing
 f - a potion of heal wounds
 g - a potion of haste
 h - 2 potions of magic
Books
 c - a book of Maledictions

   Spells                             Type                      Level
   a - Corona                         Hexes                        1
   b - Ensorcelled Hibernation        Hexes/Ice                    2
   c - Confuse                        Hexes                        3
   d - Tukima's Dance                 Hexes                        3
   e - Dazzling Spray                 Conjuration/Hexes            3
Comestibles
 d - a bread ration


   Skills:
 + Level 4.6 Short Blades
 * Level 9.2 Dodging
 * Level 10.6 Stealth
 * Level 7.9 Spellcasting
 + Level 6.1 Hexes


You had 18 spell levels left.
You knew the following spells:

 Your Spells              Type           Power        Failure   Level  Hunger
a - Corona                Hex            ####...      1%          1    None


Dungeon Overview and Level Annotations

Branches:
Dungeon (1/1)

Altars:


Innate Abilities, Weirdness & Mutations

You are tiny and cannot use many weapons and most armour.
You have supernaturally acute eyesight.
You are a herbivore.
You cover ground extremely quickly.
You need consume almost no food.


Message History

The necrophage is heavily damaged.
The necrophage misses you.
You hit the necrophage.
The necrophage is severely damaged.
You barely miss the necrophage.
The necrophage is severely damaged.
You hit the necrophage.
The necrophage is almost destroyed.
The necrophage completely misses you.
You barely miss the necrophage.
The necrophage is almost destroyed.
You barely miss the necrophage.
The necrophage is almost destroyed.
You are no longer berserk.
You pass out from exhaustion.
You feel yourself slow down. The necrophage hits you.
* * * LOW HITPOINT WARNING * * *
You feel ill.
Your flesh rots away!
Your flesh rots away!
The necrophage hits you.
You die...

# #+# .##
##.##...#
+.<@n$#
##.##...#
#+# .##


H#H # .# #. ## ## You could see a necrophage.

Vanquished Creatures
  3 necrophages (D)
3 creatures vanquished.

Notes
Turn   | Place    | Note
--------------------------------------------------------------
     0 | D        | Kidiri the Spriggan Enchanter began the quest for the Orb.
     0 | D        | Reached XP level 1. HP: 9/9 MP: 5/5
     1 | D        | Noticed a hippogriff
     1 | D        | Noticed a hippogriff
     5 | D        | Noticed a necrophage
     5 | D        | Noticed a necrophage
     5 | D        | Noticed a necrophage
     5 | D        | Noticed a necrophage
    10 | D        | Killed a necrophage
    10 | D        | Reached skill level 6 in Dodging
    10 | D        | Reached skill level 8 in Stealth
    10 | D        | Reached skill level 5 in Spellcasting
    10 | D        | Reached XP level 2. HP: 6/11 MP: 5/9
    10 | D        | Reached XP level 3. HP: 7/14 MP: 6/11
    10 | D        | Reached XP level 4. HP: 9/19 MP: 6/12
    17 | D        | Killed a necrophage
    17 | D        | Reached skill level 9 in Stealth
    17 | D        | Reached skill level 5 in Hexes
    17 | D        | Reached XP level 5. HP: 10/22 MP: 6/15
    22 | D        | Killed a necrophage
    22 | D        | Reached skill level 10 in Stealth
    29 | D        | Slain by a necrophage

Vault maps used:
D:        the_violet_keep_of_menkaure

Action                   |  1- 3 |  4- 6 || total
-------------------------+-------+-------++-------
Melee: Dagger            |     3 |    17 ||    20
  Use: Potion            |     1 |       ||     1
